 Dungeon Crawl Stone Soup version 0.28-a0-697-g47f3eba078 (webtiles) character file.

Game seed: 11341949309315795762

2576 lorenzova the Thaumaturge (level 9, -7/45 HPs)
             Began as a Deep Elf Conjurer on Oct 23, 2021.
             Shot with a sling bullet by Joseph (16 damage)
             ... on level 7 of the Dungeon.
             The game lasted 00:19:02 (6950 turns).

lorenzova the Thaumaturge (Deep Elf Conjurer)       Turns: 6950, Time: 00:19:02

Health: -7/45      AC:  3    Str:  4    XL:     9   Next: 32%
Magic:  15/25      EV: 16    Int: 27    God:
Gold:   283        SH:  0    Dex: 13    Spells: 11/29 levels left

rFire   . . .      SeeInvis .   n - +0 dagger (drain)
rCold   . . .      Faith    .   (no shield)
rNeg    . . .      Spirit   .   a - +0 robe
rPois   .          Reflect  .   (no helmet)
rElec   .          Harm     .   (no cloak)
rCorr   +          Rampage  .   k - +0 pair of gloves
Will    .....                   (no boots)
Stlth   ++........              j - amulet of magic regeneration
HPRegen 0.15/turn               b - ring of resist corrosion
MPRegen 0.44/turn               g - +4 ring of evasion

@: no status effects
A: no striking features
a: no special abilities


You were on level 7 of the Dungeon.
You visited 2 branches of the dungeon, and saw 8 of its levels.

You collected 335 gold pieces.
You spent 52 gold pieces at shops.

Inventory:

Hand Weapons
 n - a +0 dagger of draining (weapon)
Armour
 a - a +0 robe (worn)
 k - a +0 pair of gloves (worn)
Jewellery
 b - a ring of resist corrosion (left hand)
 g - a +4 ring of evasion (right hand)
 j - an amulet of magic regeneration (around neck)
 l - an amulet of the acrobat
Wands
 o - a wand of iceblast (4)
Scrolls
 d - 3 scrolls of magic mapping {unknown}
 e - 2 scrolls of immolation
 f - 2 scrolls of amnesia {unknown}
 m - 2 scrolls of teleportation
 r - a scroll of enchant armour
Potions
 c - 2 potions of curing
 h - 2 potions of heal wounds
 i - a potion of mutation
 p - 2 potions of attraction
 s - 2 potions of lignification


   Skills:
 - Level 2.4 Dodging
 - Level 2.4 Stealth
 * Level 10.8 Spellcasting
 * Level 9.8 Conjurations
 + Level 3.5 Hexes
 + Level 2.8 Translocations
 * Level 4.3 Fire Magic


You had 11 spell levels left.
You knew the following spells:

 Your Spells              Type           Power      Damage    Failure   Level
a - Magic Dart            Conj           100%       1d8       1%          1
b - Searing Ray           Conj           100%       2d8       1%          2
c - Iskenderun's Mystic   Conj/Tloc      48%        2d11      3%          4
d - Fulminant Prism       Conj/Hex       25%        3d14      2%          4
s - Sticky Flame          Conj/Fire      52%        2d7       2%          4
z - Conjure Flame         Conj/Fire      52%        6-21      1%          3

Your spell library contained the following spells:

 Spells                   Type           Power      Damage    Failure   Level
 Dazzling Flash           Conj/Hex       100%       N/A       1%          3
 Summon Small Mammal      Summ           56%        N/A       4%          1
 Summon Guardian Golem    Hex/Summ       24%        N/A       6%          3
 Ignite Poison            Fire/Tmut/Pois 22%        N/A       7%          3
 Call Canine Familiar     Summ           14%        N/A       12%         3
 Leda's Liquefaction      Hex/Erth       12%        N/A       19%         4
 Animate Armour           Summ/Erth      28%        N/A       36%         4
 Iron Shot                Conj/Erth      20%        9d5       63%         6
 Blade Hands              Tmut           7%         N/A       73%         5
 Lee's Rapid Deconstruct  Erth           7%         3d7*      73%         5
 Statue Form              Tmut/Erth      9%         N/A       99%         6


Dungeon Overview and Level Annotations

Branches:
Dungeon (7/15)             Temple (1/1) D:5

Altars:
Ashenzari
Cheibriados
Dithmenos
Elyvilon
Fedhas
Gozag
Kikubaaqudgha
Makhleb
Nemelex Xobeh
Okawaru
Qazlal
Ru
Sif Muna
Trog
Uskayaw
Wu Jian
Xom
Zin
The Shining One

Shops:
D:1 ?   D:2 [::[

Annotations:
D:4 Sigmund
D:5 exclusion: downstairs
D:7 Joseph


Message History

Casting: Conjure Flame (safe; 1% risk of failure)
Confirm with . or Enter, or press ? or * to list all spells.
Aiming: Magic Dart (safe; 1% risk of failure)
Press: ? - help, Shift-Dir - straight line, f - steam dragon
Aim: a steam dragon (100% to hit)
The magic dart hits the steam dragon.
The steam dragon is lightly wounded.
Casting: Magic Dart (safe; 1% risk of failure)
Confirm with . or Enter, or press ? or * to list all spells.
Aiming: Magic Dart (safe; 1% risk of failure)
Press: ? - help, Shift-Dir - straight line, f/p - steam dragon
Aim: a steam dragon (lightly wounded, 100% to hit)
The magic dart hits the steam dragon.
The steam dragon is moderately wounded.
The steam dragon breathes steam at you. The ball of steam hits you!!
You are engulfed in a cloud of scalding steam.
Casting: Magic Dart (safe; 1% risk of failure)
Confirm with . or Enter, or press ? or * to list all spells.
Aiming: Fulminant Prism (dangerous; 2% risk of failure)
Press: ? - help, Dir - move target, p - steam dragon You conjure a prism of explosive energy!
A fulminant prism comes into view.
You hear a loud crackle.
You hear an explosion!
You hear a shout!
You hear an angry hiss.
You start resting.
Joseph is nearby!
Casting: Fulminant Prism (dangerous; 2% risk of failure)
Confirm with . or Enter, or press ? or * to list all spells.
Aiming: Searing Ray (safe; 1% risk of failure)
Press: ? - help, Shift-Dir - straight line, f - steam dragon
Aim: a steam dragon (almost dead, 83% to hit)
The searing ray hits the steam dragon!
You kill the steam dragon! (Press . to maintain the ray.) Joseph unwields a +0 quarterstaff.
Joseph wields a +0 hunting sling.
Joseph shoots a sling bullet.
The sling bullet hits you!
* * * LOW HITPOINT WARNING * * *
Joseph shoots a sling bullet.
The sling bullet hits you!
You die...

#.# #### #.# ...@
#.###.#### #......D.#
#..##.##.# #......#.#
#...#..#.#
#...#..#†########.##
#.#.#..#..@.....@..#
####.#...##############
#....#..........[
#.....>########
#.##.#......# #
#.#.####.# ..#.# #.# ##
####.# #.# #. #.# #.#
#.


You could see Joseph.

Vanquished Creatures
  A cyclops (D:7)
  2 centaur zombies
  Prince Ribbit (D:6)
  A steam dragon (D:7)
  An ice beast (D:6)
  A sky beast (D:6)
  A black bear (D:6)
  An ogre (D:4)
  A necrophage (D:6)
  2 phantoms
  A kobold brigand (D:7)
  A scorpion (D:6)
  2 jellies (D:5)
  A bullfrog skeleton (D:7)
  A bullfrog zombie (D:5)
  6 orc priests
  A hound (D:6)
  5 iguanas
  Ijyb (D:4)
  2 orc wizards
  A hound zombie (D:5)
  A howler monkey zombie (D:6)
  A howler monkey skeleton (D:7)
  4 gnolls
  7 adders
  A shadow imp (D:5)
  5 dart slugs
  26 orcs
  4 ball pythons
  2 bats
  7 endoplasms
  2 giant cockroaches
  8 goblins
  5 hobgoblins
  3 jackals (D:2)
  A quokka (D:1)
  4 frilled lizards
  13 kobolds
  5 rats
133 creatures vanquished.

Vanquished Creatures (others)
  3 fulminant prisms (D:7)
  2 plants (D:4)
5 creatures vanquished.

Grand Total: 138 creatures vanquished

Notes
Turn   | Place    | Note
-------+----------+-------------------------------------------
     0 | D:1      | lorenzova the Deep Elf Conjurer began the quest for the
                  | Orb.
     0 | D:1      | Reached XP level 1. HP: 10/10 MP: 6/6
   387 | D:1      | Reached XP level 2. HP: 14/15 MP: 4/8
   390 | D:1      | Learned a level 2 spell: Searing Ray
   564 | D:1      | Found Cohanuw's Magic Scroll Boutique.
  1061 | D:2      | Reached skill level 4 in Spellcasting
  1067 | D:2      | Reached XP level 3. HP: 19/19 MP: 3/10
  1144 | D:2      | Reached skill level 5 in Conjurations
  1276 | D:2      | Reached XP level 4. HP: 24/24 MP: 4/12
  1302 | D:2      | Found Wynaag's Armour Shop.
  1569 | D:2      | Found Vinuosm's Book Shoppe.
  1598 | D:2      | Found Akeim's Book Boutique.
  1671 | D:2      | Reached skill level 5 in Spellcasting
  1931 | D:2      | Found Zaigonis's Armour Boutique.
  2174 | D:3      | Found an opulent altar of Gozag.
  2175 | D:3      | Found a glowing silver altar of Zin.
  2352 | D:3      | Reached XP level 5. HP: 28/28 MP: 11/14
  2869 | D:1      | Bought a scroll of identify for 26 gold pieces
  2869 | D:1      | Bought a scroll of identify for 26 gold pieces
  2951 | D:4      | Reached skill level 6 in Spellcasting
  2991 | D:4      | Noticed Ijyb
  3401 | D:4      | Reached XP level 6. HP: 32/32 MP: 13/17
  3562 | D:4      | Killed Ijyb
  3563 | D:4      | Reached skill level 7 in Spellcasting
  3760 | D:4      | Noticed Sigmund
  3846 | D:5      | Entered Level 5 of the Dungeon
  3870 | D:5      | Found an iron altar of Okawaru.
  3899 | D:5      | Reached XP level 7. HP: 36/36 MP: 14/19
  4215 | D:5      | Reached skill level 8 in Spellcasting
  4227 | D:5      | Reached skill level 9 in Spellcasting
  4422 | D:5      | Reached XP level 8. HP: 41/41 MP: 19/23
  4688 | D:5      | Found a staircase to the Ecumenical Temple.
  4698 | Temple   | Entered the Ecumenical Temple
  5259 | D:6      | Found a snail-covered altar of Cheibriados.
  5312 | D:5      | Learned a level 3 spell: Conjure Flame
  5317 | D:5      | Learned a level 4 spell: Iskenderun's Mystic Blast
  5322 | D:5      | Learned a level 4 spell: Fulminant Prism
  5327 | D:5      | Learned a level 4 spell: Sticky Flame
  5379 | D:6      | Noticed Prince Ribbit
  5436 | D:6      | Reached skill level 1 in Fire Magic
  5530 | D:6      | Reached skill level 1 in Hexes
  5603 | D:6      | Reached skill level 1 in Translocations
  5817 | D:6      | Killed Prince Ribbit
  5818 | D:6      | Reached skill level 10 in Spellcasting
  6206 | D:6      | Found a sacrificial altar of Ru.
  6207 | D:6      | Found a white marble altar of Elyvilon.
  6405 | D:7      | Reached XP level 9. HP: 45/45 MP: 19/25
  6696 | D:7      | Noticed Joseph
  6696 | D:7      | Identified the +0 chain mail of the Fisher {MP+9 Int+4
                  | Stlth+}
  6915 | D:7      | Noticed a cyclops
  6922 | D:7      | Killed a cyclops
  6950 | D:7      | Shot with a sling bullet by Joseph

Illustrated notes

Levels and vault maps discovered:
D:1:      sevenhm_arrival_forest_fort_small_5, layout_basic, serial_shops,
          shop_statue
D:2:      cheibrodos_pilgrimage, layout_rooms, serial_glass, glass_columns_a,
          glass_columns_b, serial_shops, nicolae_shop_stone,
          nicolae_shop_behind_doors, shop, shop
D:3:      layout_basic, grunt_temple_overflow_gold_and_silver
D:4:      layout_basic, serial_bayou_pond_c, uniq_sigmund, uniq_ijyb
D:5:      layout_basic, okawaru_ov_weapons_minmay,
          minmay_temple_entry_drinking_statues
D:6:      layout_cave_pools, gammafunk_temple_overflow_pools,
          mainiacjoe_overflow_cross_hatched, hangedman_decor_push, st_stairs_12,
          due_unseen_surprise, uniq_prince_ribbit1
D:7:      layout_basic, minmay_diced_spiral, uniq_joseph
Temple:   nicolae_temple_figure_eight

Skill      XL: |  1  2  3  4  5  6  7  8  9 |
---------------+----------------------------+-----
Spellcasting   | 4 5 6 7 9 10 | 10.8
Conjurations   | 5 6 7 8 9 |  9.8
Fire Magic     | 3 4 |  4.3
Hexes          | 2 3 |  3.5
Translocations | 2 |  2.8
Dodging        | |  2.4
Stealth        | |  2.4

Action                   |  1- 3 |  4- 6 |  7- 9 || total
-------------------------+-------+-------+-------++-------
Melee: Dagger            |       |     1 |     2 ||     3
 Cast: Magic Dart        |    45 |    83 |    85 ||   213
       Searing Ray       |     1 |    19 |    33 ||    53
       Conjure Flame     |       |       |     7 ||     7
       Fulminant Prism   |       |       |     3 ||     3
       Iskenderun's Myst |       |       |     2 ||     2
  Use: Scroll            |       |     2 |     7 ||     9
Armor: Robe              |       |     3 |    19 ||    22
Dodge: Dodged            |     2 |     7 |    45 ||    54

Table legend: (Time is in decaauts)
 A = Elapsed time spent in this place.
 B = Non-inter-level travel time spent in this place.
 C = Inter-level travel time spent in this place.
 D = Time resting spent in this place.
 E = Time spent auto-exploring this place.
 F = Levels seen in this place.
 G = Mean time per level.
                   A        B        C        D        E       F      G
               +--------+--------+--------+--------+--------+-----+--------+
         Total |   6960 |   6408 |    552 |   2431 |   2964 |   8 |  870.0 |
       Dungeon |   6752 |   6208 |    544 |   2431 |   2766 |   7 |  964.6 |
        Temple |    207 |    199 |      8 |      0 |    198 |   1 |  207.0 |
               +--------+--------+--------+--------+--------+-----+--------+

Top non-repeatable levels by time:
     D:5: 1351 daAuts
     D:1: 1329 daAuts
     D:3: 1072 daAuts
     D:6: 909 daAuts
     D:2: 799 daAuts
     D:4: 652 daAuts
     D:7: 637 daAuts
  Temple: 207 daAuts
